Map: Lost and Found LE

Players

Reynor - Winner!

  • Race: Zerg Zerg
  • Spawn Location: 7:00

SpeCial

  • Race: Terran Terran
  • Spawn Location: 1:00

Event: WCS Valencia 2018

VOD

Have the link to the VOD?

Description

Time

  • Played on: July 13, 2018, 6:09 a.m.
  • Length: 10:28

All games in this series

Show
View Real Time Build Order
Export as new Build Order

Reynor Zerg - Winner!

Build Orders: Hatch First 

Get SALT Encoding   

  12  0:00  Drone  
  13  0:12  Overlord  
  13  0:18  Drone  
  14  0:31  Drone x2  
  14  0:35  Drone  
  17  0:52  Hatchery  
  17  0:54  Drone  
  17  0:58  Drone  
  18  1:08  Extractor  
  17  1:13  Spawning Pool  
  17  1:16  Drone  
  17  1:20  Drone  
  18  1:28  Drone  
  19  1:39  Drone  
  20  1:50  Drone  
  21  2:03  Queen  
  21  2:04  Zergling x2  
  21  2:05  Zergling x2, Hatchery  
  24  2:14  Queen  
  26  2:18  Zergling x2  
  26  2:21  Drone  
  28  2:25  Overlord  
  28  2:41  Metabolic Boost  
  28  2:43  Queen  
  30  2:45  Drone  
  30  2:46  Drone  
  30  2:47  Drone  
  33  2:52  Overlord  
  33  2:54  Drone  
  33  2:57  Drone  
  35  2:59  Drone  
  36  3:10  Drone x2  
  38  3:14  Queen  
  40  3:20  Drone x3  
  40  3:21  Drone x2  
  40  3:23  Drone  
  46  3:27  Queen  
  46  3:31  Zergling x4  
  50  3:37  Overlord  
  50  3:41  Overlord  
  50  3:55  Overlord  
  50  3:56  Queen  
  50  3:57  Drone  
  50  3:58  Drone x2  
  50  3:59  Drone x4  
  50  4:01  Drone  
  50  4:02  Drone  
  61  4:04  Drone  
  61  4:06  Drone  
  61  4:09  Zergling x4  
  65  4:11  Zergling x2  
  66  4:19  Overlord  
  66  4:21  Overlord  
  66  4:22  Evolution Chamber  
  66  4:23  Drone  
  66  4:25  Evolution Chamber, Drone  
  66  4:28  Overlord  
  66  4:33  Spore Crawler  
  66  4:34  Drone  
  66  4:38  Zergling x2  
  66  4:39  Zergling x10  
  66  4:41  Overlord  
  66  4:44  Drone x2  
  74  4:50  Drone x2  
  75  4:55  Drone  
  75  4:57  Overlord  
  75  4:59  Zerg Ground Armor Level 1  
  75  5:00  Drone x3  
  75  5:01  Drone  
  75  5:02  Drone  
  75  5:04  Drone x2  
  75  5:07  Overlord  
  79  5:10  Zerg Melee Weapons Level 1  
  79  5:11  Queen  
  81  5:15  Zergling x4  
  81  5:17  Zergling x2  
  81  5:19  Extractor  
  81  5:21  Queen  
  83  5:22  Extractor  
  83  5:23  Zergling x4  
  83  5:28  Zergling x2  
  87  5:30  Drone  
  87  5:32  Zergling x4  
  87  5:33  Drone  
  87  5:35  Drone  
  92  5:36  Extractor  
  92  5:37  Zergling x2  
  92  5:40  Drone x3  
  92  5:42  Lair  
  93  5:45  Drone  
  93  5:49  Drone x2  
  96  5:53  Overlord x2  
  96  5:54  Drone  
  97  5:58  Overlord  
  97  6:00  Overlord, Drone  
  97  6:01  Overlord  
  97  6:05  Overlord  
  97  6:10  Hatchery  
  96  6:11  Extractor  
  96  6:17  Hatchery  
  96  6:18  Zergling x8  
  98  6:21  Drone x2  
  98  6:22  Drone  
  98  6:23  Drone  
  100  6:26  Zergling x4  
  100  6:28  Zergling x4  
  100  6:29  Zergling x2  
  101  6:33  Zergling x2, Queen  
  101  6:37  Zergling x4  
  106  6:40  Zergling x2  
  106  6:41  Zergling x4  
  106  6:45  Zergling x6  
  105  6:51  Zergling x6  
  99  6:55  Zergling x4  
  99  7:00  Zergling x2  
  99  7:02  Zerg Ground Armor Level 2  
  99  7:04  Extractor  
  99  7:06  Zergling x6  
  99  7:07  Zergling x2  
  99  7:08  Baneling Nest  
  100  7:10  Drone x3  
  100  7:11  Spire, Drone  
  96  7:18  Drone  
  96  7:20  Spine Crawler, Roach Warren  
  95  7:23  Zergling x6  
  95  7:24  Zergling x2  
  95  7:28  Zerg Missile Weapons Level 1  
  95  7:29  Drone x3  
  102  7:31  Zergling x2  
  102  7:35  Drone x5  
  108  7:40  Overlord  
  108  7:42  Drone x3  
  110  7:44  Drone x4  
  110  7:50  Queen  
  116  7:53  Overlord  
  116  7:58  Hatchery  
  116  8:01  Extractor  
  114  8:06  Extractor  
  108  8:23  Mutalisk  
  108  8:24  Mutalisk x12  
  108  8:26  Zergling x10  
  108  8:27  Zergling x8  
  136  8:31  Glial Reconstitution  
  136  8:39  Zergling x14  
  136  8:40  Zergling x8, Infestation Pit  
  146  8:47  Overlord  
  146  9:00  Roach x4  
  146  9:01  Roach x5  
  146  9:02  Overlord  
  164  9:04  Overlord  
  164  9:06  Roach x6  
  164  9:07  Overlord  
  173  9:14  Roach x3  
  173  9:16  Overlord  
  179  9:18  Overlord  
  179  9:23  Roach x4  
  179  9:24  Roach  
  191  9:28  Roach x3  
  191  9:31  Spore Crawler  
  193  9:35  Roach  
  193  9:36  Roach x3  
  185  9:47  Roach x5  
  185  9:48  Roach x2  
  189  9:57  Roach x2  
  189  9:58  Roach x3  
  199  10:02  Ravager  
  199  10:06  Ravager x2  
Show
View Real Time Build Order
Export as new Build Order

SpeCial Terran 

Build Orders: Hellion Opening, Reaper Expand, Mech 

Get SALT Encoding   

  12  0:00  SCV  
  13  0:12  SCV  
  14  0:17  Supply Depot  
  14  0:24  SCV  
  15  0:39  SCV  
  15  0:41  Barracks  
  16  0:46  Refinery  
  16  0:51  SCV  
  17  1:03  SCV  
  18  1:15  SCV  
  19  1:28  Orbital Command  
  19  1:30  Reaper  
  20  1:38  Command Center  
  20  1:50  Supply Depot  
  20  1:54  SCV  
  21  2:02  Marine  
  21  2:08  Factory, SCV  
  23  2:15  Refinery  
  23  2:20  SCV  
  24  2:25  Barracks Reactor  
  24  2:32  SCV  
  25  2:44  SCV  
  25  2:50  Orbital Command  
  26  2:55  Starport  
  26  2:56  SCV  
  27  3:07  Hellion x2  
  27  3:08  SCV  
  27  3:09  Barracks Tech Lab  
  32  3:16  SCV  
  33  3:20  SCV  
  34  3:27  Supply Depot  
  34  3:28  SCV  
  34  3:32  Hellion x2  
  34  3:33  SCV  
  40  3:35  Viking  
  40  3:40  SCV  
  43  3:45  SCV  
  44  3:52  SCV  
  44  3:54  Hellion x2  
  49  3:58  SCV  
  49  4:01  Supply Depot  
  49  4:05  SCV  
  49  4:07  Starport Tech Lab  
  50  4:11  SCV  
  50  4:17  SCV  
  52  4:18  Command Center  
  52  4:24  SCV  
  52  4:25  Supply Depot  
  52  4:27  Marine x2  
  52  4:28  Siege Tank  
  52  4:29  SCV  
  52  4:31  Raven  
  61  4:36  SCV  
  62  4:42  Refinery  
  62  4:44  Refinery  
  62  4:46  SCV, Marine x2  
  62  4:48  SCV  
  62  4:49  Supply Depot  
  65  4:58  SCV  
  63  5:00  SCV  
  63  5:01  Command Center  
  63  5:06  Marine x2  
  64  5:10  SCV  
  64  5:13  SCV  
  66  5:17  Supply Depot  
  66  5:22  SCV  
  66  5:24  Siege Tank, Marine x2  
  66  5:25  SCV  
  73  5:35  SCV  
  74  5:37  SCV  
  74  5:42  Supply Depot  
  75  5:47  SCV  
  75  5:49  SCV  
  77  5:51  Factory  
  77  5:52  Factory  
  77  5:55  Armory  
  77  5:56  Armory  
  77  5:59  SCV  
  77  6:01  SCV  
  79  6:06  Supply Depot  
  79  6:08  Hellion x2  
  79  6:11  SCV  
  84  6:13  SCV  
  84  6:14  Orbital Command  
  84  6:15  Command Center  
  85  6:23  SCV  
  86  6:29  Hellion x2  
  86  6:30  SCV  
  84  6:48  SCV  
  84  6:51  Hellion x2  
  82  6:54  Starport Reactor  
  82  6:55  Orbital Command  
  82  6:56  SCV  
  82  6:59  Terran Vehicle And Ship Armor Level 1, Terran Vehicle Weapons Level 1  
  77  7:02  Thor x2  
  87  7:09  SCV  
  87  7:10  SCV  
  87  7:12  Hellion x2  
  93  7:21  SCV  
  93  7:22  SCV  
  95  7:23  Supply Depot  
  95  7:24  SCV  
  95  7:25  Supply Depot  
  95  7:29  Refinery  
  96  7:31  Medivac  
  96  7:33  SCV  
  96  7:34  SCV, Orbital Command  
  100  7:39  Refinery  
  100  7:43  Hellion x2  
  104  7:44  Medivac  
  104  7:48  Siege Tank x2  
  112  7:55  SCV  
  112  7:56  SCV  
  112  7:57  Liberator  
  112  7:58  Liberator  
  114  8:01  Orbital Command  
  114  8:04  Hellion x2  
  117  8:10  SCV x2  
  124  8:20  Siege Tank  
  124  8:25  SCV x2  
  124  8:26  SCV  
  123  8:29  Hellion x2, Thor, Siege Tank  
  123  8:30  Thor  
  123  8:31  SCV  
  131  8:37  SCV x2  
  131  8:38  SCV  
  134  8:42  Supply Depot, Factory x2  
  134  8:43  Supply Depot, SCV  
  135  8:49  SCV x2  
  135  8:50  Hellion x2, SCV  
  135  8:52  Siege Tank  
  135  8:55  SCV  
  146  8:57  Viking  
  148  9:04  Viking, SCV x2  
  148  9:05  Hellion x14  
  148  9:08  Hellion  
  147  9:20  Hellion x2  
  141  9:24  Siege Tank  
  141  9:28  SCV  
  141  9:29  Viking, SCV x2, Factory Tech Lab  
  141  9:30  Factory Reactor  
  130  9:34  Viking, SCV  
  119  9:41  SCV x3  
  119  9:44  Thor  
  119  9:45  Hellion  
  120  9:46  SCV  
  116  9:53  SCV x3  
  116  9:58  SCV  
  122  10:05  Hellion, SCV x3  
  123  10:10  SCV  
Tags
 
Add a new tag
Caveats
  • Supply blocks, unpowered buildings, or Contaminate may cause inaccurate times.
  • Supply counts are checked every 10 seconds.